AoeStats
← .|.

Coastal Forest

510825764Analyzed
4v4 RM · 9h ago on Oct 2, 2026· 49m 5s· 8 players
Game mode
Random Map
Map size
Large (8 player)
Population
200
Speed
Normal
Resources
Standard
Victory
Conquest
Starting age
Dark Age
Ending age
Imperial Age
RankedLock teamsTeams togetherTeam positionsShared explorationLock speedFull tech treeHidden civsTurbo modeCheats
Victory
Defeat
🇩🇪 Varangians · Germany
1521
+11
🇩🇪 Mongols · Germany
1442
+14
🇩🇪 Khmer · Germany
1414
+16
🇩🇪 Lithuanians · Germany
1376
+17
🇲🇽 Georgians · Mexico
1436
-16
🇺🇸 Japanese · United States
1425
-15
🇹🇷 Varangians · Türkiye
1397
-14
🇵🇪 Dravidians · Peru
1374
-13
|TheCore| MADKILLER!!!
8:44 Loom
11:25 Feudal Age
14:58 Castle Age
13:03 Fishing Lines
13:25 Double-Bit Axe
BRAHN
11:08 Feudal Age
15:15 Castle Age
13:36 Double-Bit Axe
15:58 Gold Mining
15:49 Horse Collar
20:29 Loom
23:29 Fletching
26:25 Bodkin Arrow
27:03 Husbandry
28:35 Bow Saw
28:45 Padded Archer Armor
33:19 Wheelbarrow
38:15 Imperial Age
35:55 Thumb Ring
35:52 Pikeman
36:32 Squires
36:33 Scale Mail Armor
36:44 Forging
39:04 Bracer
40:44 Two-Man Saw
39:44 Heavy Plow
40:15 Leather Archer Armor
40:05 Scale Barding Armor
40:28 Hand Cart
40:47 Halberdier
42:39 Chain Barding Armor
42:49 Ring Archer Armor
42:11 Elite Elephant Archer
44:20 Ring Archer Armor
44:26 Iron Casting
47:26 Iron Casting
47:06 Chain Mail Armor
49:10 Medical Corps
.|.
6:29 Loom
8:58 Feudal Age
9:52 Town Watch
10:48 Wheelbarrow
10:07 Double-Bit Axe
13:22 Gold Mining
13:51 Fletching
17:49 Padded Archer Armor
19:30 Horse Collar
23:11 Castle Age
23:44 Forging
23:36 Scale Mail Armor
23:25 Pikeman
23:38 Crossbowman
24:35 Bodkin Arrow
30:06 Svan Towers
32:21 Ballistics
33:36 Guard Tower
34:11 Bow Saw
38:20 Imperial Age
36:06 Stone Mining
36:32 Murder Holes
36:18 Treadmill Crane
38:08 Iron Casting
40:01 Chemistry
39:07 Squires
38:53 Gambesons
40:42 Keep
41:35 Stone Shaft Mining
42:02 Blast Furnace
41:17 Chain Mail Armor
41:35 Halberdier
42:57 Hand Cart
45:44 Conscription
47:04 Plate Mail Armor
46:34 Bracer
DIABLO
10:48 Feudal Age
9:05 Loom
11:08 Feudal Age
15:47 Castle Age
14:55 Fishing Lines
15:08 Double-Bit Axe
15:08 Horse Collar
17:43 Bow Saw
17:35 Stone Mining
24:21 Forging
24:41 Husbandry
27:32 Bloodlines
27:26 Fletching
28:42 Medium Warships
32:06 Scale Barding Armor
34:25 Fervor
36:59 Wheelbarrow
38:17 Iron Casting
38:11 Chain Barding Armor
42:22 Imperial Age
40:46 Squires
40:31 Arson
41:09 Town Watch
41:44 Heavy Plow
43:40 Conscription
43:14 Gothikon
44:18 Bodkin Arrow
45:00 Plate Barding Armor
44:05 Pikeman
45:20 Hand Cart
44:54 Halberdier
46:03 Scale Mail Armor
47:04 Blast Furnace
47:09 Chain Mail Armor
46:22 Vendel Legacy
46:32 Elite Jarl
48:43 Plate Mail Armor
48:15 Bracer
49:52 Ballistics
50:33 Chemistry
[UDeaD]JOD
4:18 Loom
11:53 Feudal Age
20:48 Bloodlines
22:58 Castle Age
22:40 Bloodlines
22:46 Double-Bit Axe
25:18 Wheelbarrow
25:36 Husbandry
26:49 Town Watch
30:30 Gold Mining
30:21 Light Cavalry
38:00 Imperial Age
36:48 Horse Collar
37:19 Fletching
38:31 Sappers
38:24 Elite Ballista Elephant
40:30 Bodkin Arrow
40:36 Padded Archer Armor
40:36 Scale Mail Armor
42:44 Conscription
43:10 Bracer
43:25 Leather Archer Armor
44:28 Double Crossbow
44:09 Hussar
48:45 Scale Barding Armor
48:51 Forging
48:58 Leather Archer Armor
[UDeaD]Fibsinator
7:44 Loom
10:24 Feudal Age
11:17 Double-Bit Axe
14:00 Fletching
18:50 Padded Archer Armor
19:10 Gold Mining
23:13 Castle Age
22:52 Horse Collar
23:14 Crossbowman
23:53 Bodkin Arrow
27:56 Ballistics
29:02 Leather Archer Armor
33:29 Thumb Ring
41:24 Wheelbarrow
46:05 Imperial Age
44:41 Hand Cart
46:55 Bracer
46:22 Arbalester
48:05 Chemistry
[UDeaD]EL ROJO
11:32 Feudal Age
15:06 Castle Age
13:18 Forging
13:04 Double-Bit Axe
13:16 Fishing Lines
13:58 Scale Barding Armor
14:45 Bloodlines
17:49 Bow Saw
17:46 Gold Mining
18:16 Loom
19:31 Gillnets
22:21 Fletching
24:29 Wheelbarrow
25:18 Stone Mining
25:53 Hand Cart
31:39 Imperial Age
28:50 Vendel Legacy
29:26 Horse Collar
30:15 Husbandry
31:10 Chain Barding Armor
31:26 Iron Casting
31:42 Cavalier
32:35 Heavy Plow
33:14 Plate Barding Armor
33:06 Conscription
37:32 Ballistics
40:01 Two-Man Saw
38:55 Guard Tower
40:06 Chemistry
39:50 Stone Shaft Mining
41:16 Coinage
40:40 Guard Tower
40:33 Treadmill Crane
40:55 Bodkin Arrow
42:01 Blast Furnace
43:09 Banking
42:37 Murder Holes
42:55 Masonry
43:58 Bracer
46:39 Architecture
47:33 Crop Rotation
49:18 Guilds
[UDeaD]fabius
6:59 Loom
9:27 Feudal Age
10:01 Double-Bit Axe
10:09 Horse Collar
18:05 Scale Barding Armor
22:11 Castle Age
20:15 Gold Mining
20:59 Forging
23:03 Wheelbarrow
23:06 Bloodlines
22:58 Husbandry
23:28 Chain Barding Armor
23:29 Heavy Plow
25:29 Iron Casting
28:44 Bow Saw
29:37 Hand Cart
29:37 Town Watch
38:40 Imperial Age
37:15 Stone Mining
39:19 Cavalier
40:38 Plate Barding Armor
41:13 Paladin
Connection lost

Rejoining the realm…

Still unreachable

The connection could not be restored.

Session expired

The server has moved on; the page needs a fresh start.